TOP OF THE 1ST |
Albuquerque Isotopes batting - Pitching for Gresham Gold Souls : RHP Jesús Gonzáles
|
Pitching: RHP Jesús Gonzáles
|
|
Batting: LHB Burt Ward
|
0-0: Ball 1-0: Ball 2-0: Ball 3-0: Swinging Strike 3-1: Called Strike 3-2: Foul Ball, location: 2F 3-2: Strikes out swinging
|
Batting: RHB Javier Peńa
|
0-0: Ball 1-0: Ball 2-0: Called Strike 2-1: Called Strike 2-2: Ball 3-2: Strikes out looking
|
Batting: RHB Martín López
|
0-0: Ball 1-0: Ball 2-0: Ball 3-0: Base on Balls
|
Batting: RHB Roberto Tobías
|
0-0: Foul Ball, location: 2F 0-1: Ball 1-1: Called Strike 1-2: Ball 2-2: Ball 3-2: Base on Balls Martín López to second
|
Batting: LHB Fernando Ortíz
|
0-0: Ball 1-0: Ball 2-0: Fly out, F8 (Flyball, 8LM)
|
Top of the 1st over - 0 runs, 0 hits, 0 errors, 2 left on base; Albuquerque 0 - Gresham 0 |
BOTTOM OF THE 1ST |
Gresham Gold Souls batting - Pitching for Albuquerque Isotopes : RHP Germán Hernández
|
Pitching: RHP Germán Hernández
|
|
Batting: SHB Dawson Fowler
|
0-0: Ground out U3 (Groundball, 3S)
|
Batting: RHB Adam Thomas
|
0-0: Ball 1-0: Foul Ball, location: 2F 1-1: Ground out 4-3 (Groundball, 4)
|
Batting: SHB Felipe Castro
|
0-0: Foul Ball, location: 2F 0-1: Ball 1-1: Foul Ball, location: 2F 1-2: Ground out U3 (Groundball, 34)
|
Bottom of the 1st over - 0 runs, 0 hits, 0 errors, 0 left on base; Albuquerque 0 - Gresham 0 |
TOP OF THE 2ND |
Albuquerque Isotopes batting - Pitching for Gresham Gold Souls : RHP Jesús Gonzáles
|
Batting: LHB Tanyu Imai
|
0-0: Foul Ball, location: 2F 0-1: Called Strike 0-2: Ball 1-2: Ball 2-2: Foul Ball, location: 2F 2-2: Strikes out looking
|
Batting: RHB Piotr Zahn
|
0-0: Foul Ball, location: 2F 0-1: Ball 1-1: Ground out 1-3 (Groundball, 15S)
|
Batting: LHB Wally Harris
|
0-0: Ball 1-0: Ground out 6-3 (Groundball, 6)
|
Top of the 2nd over - 0 runs, 0 hits, 0 errors, 0 left on base; Albuquerque 0 - Gresham 0 |
BOTTOM OF THE 2ND |
Gresham Gold Souls batting - Pitching for Albuquerque Isotopes : RHP Germán Hernández
|
Batting: LHB Bill Smith
|
0-0: SINGLE (Flyball, 7S)
|
Batting: LHB Hamilton Hughes
|
0-0: SINGLE (Groundball, 6D) Bill Smith to second
|
Batting: RHB Mario Méndez
|
0-0: Ball 1-0: Ball 2-0: Grounds into double play, 6-4-3 (Groundball, 6) Bill Smith to third
|
Batting: RHB David Hernández
|
0-0: Ball 1-0: DOUBLE (Line Drive, 89D) Bill Smith scores
|
Batting: SHB Dale Winters
|
0-0: Called Strike 0-1: Swinging Strike 0-2: Ball 1-2: Ball 2-2: Strikes out swinging
|
Bottom of the 2nd over - 1 run, 3 hits, 0 errors, 1 left on base; Albuquerque 0 - Gresham 1 |
TOP OF THE 3RD |
Albuquerque Isotopes batting - Pitching for Gresham Gold Souls : RHP Jesús Gonzáles
|
Batting: RHB Julián Garza
|
0-0: SINGLE (Line Drive, 9S)
|
Batting: LHB Burt Ward
|
0-0: Called Strike 0-1: Foul Ball, location: 2F 0-2: Ball 1-2: SINGLE (Groundball, 6S) (infield hit) Julián Garza to second
|
Batting: RHB Javier Peńa
|
0-0: Ball 1-0: Ball 2-0: Foul Ball, location: 2F 2-1: Ball 3-1: Fielders Choice at 2nd, 4-6 (Groundball, 4) Julián Garza to third
|
Batting: RHB Martín López
|
0-0: Fielders Choice at 2nd, 1-6 (Groundball, 13S)
|
Batting: RHB Roberto Tobías
|
0-0: Ball 1-0: Foul Ball, location: 2F 1-1: Called Strike 1-2: Foul Ball, location: 2F 1-2: Strikes out swinging
|
Top of the 3rd over - 0 runs, 2 hits, 0 errors, 2 left on base; Albuquerque 0 - Gresham 1 |
BOTTOM OF THE 3RD |
Gresham Gold Souls batting - Pitching for Albuquerque Isotopes : RHP Germán Hernández
|
Batting: SHB Francis Shaffer
|
0-0: Called Strike 0-1: Called Strike 0-2: Strikes out swinging
|
Batting: SHB Dawson Fowler
|
0-0: Called Strike 0-1: Swinging Strike 0-2: Strikes out swinging
|
Batting: RHB Adam Thomas
|
0-0: Ground out 6-3 (Groundball, 6)
|
Bottom of the 3rd over - 0 runs, 0 hits, 0 errors, 0 left on base; Albuquerque 0 - Gresham 1 |
TOP OF THE 4TH |
Albuquerque Isotopes batting - Pitching for Gresham Gold Souls : RHP Jesús Gonzáles
|
Batting: LHB Fernando Ortíz
|
0-0: SINGLE (Flyball, 6D)
|
Batting: LHB Tanyu Imai
|
0-0: Called Strike 0-1: Ball 1-1: Ball 2-1: Foul Ball, location: 2F 2-2: Strikes out looking
|
Batting: RHB Piotr Zahn
|
0-0: Called Strike 0-1: Foul Ball, location: 2F 0-2: Ball 1-2: 2-RUN HOME RUN (Flyball, 7D), Distance : 372 ft
|
Batting: LHB Wally Harris
|
0-0: Swinging Strike 0-1: Ball 1-1: SINGLE (Groundball, 34D)
|
Batting: RHB Julián Garza
|
0-0: Ball 1-0: Called Strike 1-1: Ball 2-1: Ball 3-1: Ground out 6-3 (Groundball, 6S) Wally Harris to second
|
Batting: LHB Burt Ward
|
0-0: Foul Ball, location: 2F 0-1: Foul Ball, location: 2F 0-2: Foul Ball, location: 2F 0-2: Ground out U3 (Groundball, 3)
|
Top of the 4th over - 2 runs, 3 hits, 0 errors, 1 left on base; Albuquerque 2 - Gresham 1 |
BOTTOM OF THE 4TH |
Gresham Gold Souls batting - Pitching for Albuquerque Isotopes : RHP Germán Hernández
|
Batting: SHB Felipe Castro
|
0-0: Called Strike 0-1: Ball 1-1: Ground out 4-3 (Groundball, 4S)
|
Batting: LHB Bill Smith
|
0-0: Swinging Strike 0-1: Ball 1-1: Ball 2-1: Swinging Strike 2-2: Ball 3-2: Strikes out swinging
|
Batting: LHB Hamilton Hughes
|
0-0: Called Strike 0-1: Swinging Strike 0-2: Strikes out swinging
|
Bottom of the 4th over - 0 runs, 0 hits, 0 errors, 0 left on base; Albuquerque 2 - Gresham 1 |
TOP OF THE 5TH |
Albuquerque Isotopes batting - Pitching for Gresham Gold Souls : RHP Jesús Gonzáles
|
Batting: RHB Javier Peńa
|
0-0: Ball 1-0: Ball 2-0: Called Strike 2-1: Fly out, F8 (Flyball, 8LM)
|
Batting: RHB Martín López
|
0-0: SOLO HOME RUN (Flyball, 78XD), Distance : 419 ft
|
Batting: RHB Roberto Tobías
|
0-0: SINGLE (Groundball, 56D)
|
Batting: LHB Fernando Ortíz
|
0-0: Called Strike 0-1: Foul Ball, location: 2F 0-2: Foul Ball, location: 2F 0-2: Ball 1-2: Foul Ball, location: 2F 1-2: Foul Ball, location: 2F 1-2: SINGLE (Groundball, 34D) Roberto Tobías to second Runner from 2nd tries for 3rd, SAFE, no throw
|
Batting: LHB Tanyu Imai
|
0-0: Ball 1-0: Ball 2-0: Ground out 4-3 (Groundball, 34D) Roberto Tobías scores Fernando Ortíz to second
|
Batting: RHB Piotr Zahn
|
0-0: Fly out, F6 (Line Drive, 6)
|
Top of the 5th over - 2 runs, 3 hits, 0 errors, 1 left on base; Albuquerque 4 - Gresham 1 |
BOTTOM OF THE 5TH |
Gresham Gold Souls batting - Pitching for Albuquerque Isotopes : RHP Germán Hernández
|
Batting: RHB Mario Méndez
|
0-0: Ball 1-0: Foul Ball, location: 2F 1-1: Ball 2-1: SINGLE (Groundball, 6MD)
|
Batting: RHB David Hernández
|
0-0: Called Strike 0-1: Ball 1-1: Ball 2-1: Ball 3-1: Foul Ball, location: 2F 3-2: Strikes out swinging Mario Méndez is caught stealing 2nd base Batter strikes out.
|
Batting: SHB Dale Winters
|
0-0: Called Strike 0-1: Ball 1-1: Fly out, F8 (Flyball, 78M)
|
Bottom of the 5th over - 0 runs, 1 hit, 0 errors, 0 left on base; Albuquerque 4 - Gresham 1 |
TOP OF THE 6TH |
Albuquerque Isotopes batting - Pitching for Gresham Gold Souls : RHP Jesús Gonzáles
|
Pitching: RHP Jeff Hansen
|
|
Batting: LHB Wally Harris
|
0-0: Called Strike 0-1: Called Strike 0-2: Fly out, F8 (Line Drive, 8LD)
|
Batting: RHB Julián Garza
|
0-0: Ball 1-0: SINGLE (Groundball, 34) (infield hit)
|
Batting: LHB Burt Ward
|
0-0: Called Strike 0-1: Ball 1-1: Swinging Strike 1-2: Foul Ball, location: 2F 1-2: Foul Ball, location: 2F 1-2: Ball 2-2: SINGLE (Line Drive, 3S) Julián Garza to second
|
Batting: RHB Javier Peńa
|
0-0: Ball 1-0: Called Strike 1-1: Foul Ball, location: 2F 1-2: Ball 2-2: Ball 3-2: Strikes out looking
|
Batting: RHB Martín López
|
0-0: Called Strike 0-1: Ball 1-1: Foul Ball, location: 2F 1-2: Ball 2-2: Strikes out looking
|
Top of the 6th over - 0 runs, 2 hits, 0 errors, 2 left on base; Albuquerque 4 - Gresham 1 |
BOTTOM OF THE 6TH |
Gresham Gold Souls batting - Pitching for Albuquerque Isotopes : RHP Germán Hernández
|
Batting: SHB Francis Shaffer
|
0-0: Swinging Strike 0-1: Ball 1-1: Ground out U3 (Groundball, 3L)
|
Batting: SHB Dawson Fowler
|
0-0: Called Strike 0-1: SINGLE (Groundball, 4M) (infield hit)
|
Batting: RHB Adam Thomas
|
0-0: Ball 1-0: Fielders Choice at 2nd, 3-6 (Groundball, 34)
|
Batting: SHB Felipe Castro
|
0-0: Foul Ball, location: 2F 0-1: Fielders Choice at 2nd, 6-4 (Groundball, 6)
|
Bottom of the 6th over - 0 runs, 1 hit, 0 errors, 1 left on base; Albuquerque 4 - Gresham 1 |
TOP OF THE 7TH |
Albuquerque Isotopes batting - Pitching for Gresham Gold Souls : RHP Jeff Hansen
|
Batting: RHB Roberto Tobías
|
0-0: Called Strike 0-1: Ball 1-1: Called Strike 1-2: Foul Ball, location: 2F 1-2: Foul Ball, location: 2F 1-2: Foul Ball, location: 2F 1-2: SINGLE (Groundball, 34D)
|
Batting: LHB Fernando Ortíz
|
0-0: Ball 1-0: Called Strike 1-1: 2-RUN HOME RUN (Flyball, 9LD), Distance : 365 ft
|
Batting: LHB Tanyu Imai
|
0-0: Called Strike 0-1: Ball 1-1: Foul Ball, location: 2F 1-2: Foul Ball, location: 2F 1-2: Hit by Pitch, AND HE CHARGES THE MOUND! The benches clear!
|
Pitching: RHP Bob Bartell
|
|
Pinch Runner at 1st Thomas Simmons:
|
|
Batting: RHB Piotr Zahn
|
0-0: Ball 1-0: Fly out, F9 (Flyball, 9)
|
Batting: LHB Wally Harris
|
0-0: Ball 1-0: Foul Ball, location: 2F 1-1: Fly out, F9 (Flyball, 9)
|
Batting: RHB Julián Garza
|
0-0: Ball 1-0: Ball 2-0: Called Strike 2-1: SINGLE (Groundball, 6S) (infield hit) Thomas Simmons to second
|
Batting: LHB Burt Ward
|
0-0: Called Strike 0-1: Foul Ball, location: 2F 0-2: Ball 1-2: Ball 2-2: Ball 3-2: Base on Balls Thomas Simmons to third Julián Garza to second
|
Batting: RHB Javier Peńa
|
0-0: Foul Ball, location: 2F 0-1: Ball 1-1: Ball 2-1: Fielders Choice at 2nd, 5-4 (Groundball, 5L)
|
Top of the 7th over - 2 runs, 3 hits, 0 errors, 3 left on base; Albuquerque 6 - Gresham 1 |
BOTTOM OF THE 7TH |
Gresham Gold Souls batting - Pitching for Albuquerque Isotopes : RHP Germán Hernández
|
Now in LF: Thomas Simmons
|
|
Batting: LHB Bill Smith
|
0-0: Ball 1-0: Called Strike 1-1: Ball 2-1: Ball 3-1: Swinging Strike 3-2: Base on Balls
|
Batting: LHB Hamilton Hughes
|
0-0: Ball 1-0: Ball Bill Smith steals 2nd base 2-0: Called Strike 2-1: Ball 3-1: Called Strike 3-2: Fly out, F6 (Line Drive, 6) Lined into DP, 6-4 (Line Drive, 6)
|
Batting: RHB Mario Méndez
|
0-0: Ball 1-0: SINGLE (Line Drive, 8LS)
|
Batting: RHB David Hernández
|
0-0: Swinging Strike 0-1: Ball 1-1: Ball 2-1: Swinging Strike 2-2: Strikes out swinging
|
Bottom of the 7th over - 0 runs, 1 hit, 0 errors, 1 left on base; Albuquerque 6 - Gresham 1 |
TOP OF THE 8TH |
Albuquerque Isotopes batting - Pitching for Gresham Gold Souls : RHP Bob Bartell
|
Batting: RHB Martín López
|
0-0: Called Strike 0-1: Called Strike 0-2: Strikes out swinging
|
Batting: RHB Roberto Tobías
|
0-0: Called Strike 0-1: Ball 1-1: Swinging Strike 1-2: Ball 2-2: Strikes out looking
|
Batting: LHB Fernando Ortíz
|
0-0: Called Strike 0-1: Ball 1-1: Called Strike 1-2: Strikes out swinging
|
Top of the 8th over - 0 runs, 0 hits, 0 errors, 0 left on base; Albuquerque 6 - Gresham 1 |
BOTTOM OF THE 8TH |
Gresham Gold Souls batting - Pitching for Albuquerque Isotopes : RHP Germán Hernández
|
Batting: SHB Dale Winters
|
0-0: Foul Ball, location: 2F 0-1: SINGLE (Groundball, 25) (infield hit)
|
Batting: SHB Francis Shaffer
|
0-0: Swinging Strike 0-1: Swinging Strike 0-2: Ball 1-2: Foul Ball, location: 2F 1-2: SINGLE (Flyball, 8RS) Dale Winters to second
|
Pitching: LHP Dan Brown
|
|
Batting: SHB Dawson Fowler
|
0-0: Ball 1-0: Called Strike 1-1: Swinging Strike 1-2: Strikes out looking
|
Batting: RHB Adam Thomas
|
0-0: Called Strike 0-1: Foul Ball, location: 2F 0-2: SINGLE (Line Drive, 4D) Dale Winters to third Francis Shaffer to second Runner from 3rd tries for Home, SAFE, no throw
|
Batting: SHB Felipe Castro
|
0-0: Called Strike 0-1: Fly out, F8 (Flyball, 8RM)
|
Batting: LHB Bill Smith
|
0-0: Ground out U3 (Groundball, 3)
|
Bottom of the 8th over - 1 run, 3 hits, 0 errors, 2 left on base; Albuquerque 6 - Gresham 2 |
TOP OF THE 9TH |
Albuquerque Isotopes batting - Pitching for Gresham Gold Souls : RHP Bob Bartell
|
Batting: SHB Thomas Simmons
|
0-0: Called Strike 0-1: Swinging Strike 0-2: Ball 1-2: Foul Ball, location: 2F 1-2: Foul Ball, location: 2F 1-2: Strikes out swinging
|
Batting: RHB Piotr Zahn
|
0-0: Called Strike 0-1: Ball 1-1: Ground out 6-3 (Groundball, 6)
|
Batting: LHB Wally Harris
|
0-0: Called Strike 0-1: Fly out, F8 (Flyball, 8LD)
|
Top of the 9th over - 0 runs, 0 hits, 0 errors, 0 left on base; Albuquerque 6 - Gresham 2 |
BOTTOM OF THE 9TH |
Gresham Gold Souls batting - Pitching for Albuquerque Isotopes : LHP Dan Brown
|
Batting: LHB Hamilton Hughes
|
0-0: Swinging Strike 0-1: Swinging Strike 0-2: Ground out 6-3 (Groundball, 6M)
|
Batting: RHB Mario Méndez
|
0-0: Ball 1-0: Ball 2-0: Ball 3-0: Base on Balls
|
Batting: RHB David Hernández
|
0-0: Foul Ball, location: 2F 0-1: Ball Wild Pitch! Mario Méndez to second 1-1: Ball 2-1: Foul Ball, location: 2F 2-2: Foul Ball, location: 2F 2-2: Ball 3-2: Foul Ball, location: 2F 3-2: Foul Ball, location: 2F 3-2: Base on Balls
|
Batting: SHB Dale Winters
|
0-0: Ball 1-0: Ball 2-0: Ball 3-0: Fly out, F7 (Flyball, 78M)
|
Batting: SHB Francis Shaffer
|
0-0: Called Strike 0-1: Foul Ball, location: 2F 0-2: Ball 1-2: Foul Ball, location: 2F 1-2: Foul Ball, location: 2F 1-2: Ball 2-2: Strikes out swinging
|
Bottom of the 9th over - 0 runs, 0 hits, 0 errors, 2 left on base; Albuquerque 6 - Gresham 2 |
|